AoeStats
← Krivler | Murphy

Arena

510090124Analyzed
1v1 RM · 3d ago on Sep 29, 2026· 28m 2s· 2 players
Game mode
Random Map
Map size
Tiny (2 player)
Population
200
Speed
Normal
Resources
Standard
Victory
Conquest
Starting age
Dark Age
Ending age
Imperial Age
RankedLock teamsTeams togetherTeam positionsShared explorationLock speedFull tech treeHidden civsTurbo modeCheats
Victory
Defeat
🇨🇳 Turks · China
984
+16
🇹🇷 Turks · Türkiye
975
-16
Krivler | Murphy
11:58 Feudal Age
16:34 Castle Age
14:26 Double-Bit Axe
20:33 Imperial Age
21:51 Fletching
22:42 Guilds
23:08 Bodkin Arrow
3230289630
13:57 Feudal Age
14:49 Gold Mining
14:40 Horse Collar
14:46 Double-Bit Axe
18:00 Castle Age
19:25 Loom
22:14 Imperial Age
20:11 Padded Archer Armor
20:41 Bow Saw
21:13 Leather Archer Armor
22:14 Gold Shaft Mining
27:25 Ring Archer Armor
Connection lost

Rejoining the realm…

Still unreachable

The connection could not be restored.

Session expired

The server has moved on; the page needs a fresh start.